 Dungeon Crawl Stone Soup version 0.28-a0-1594-ga885d4b3d6 (webtiles) character file.

Game seed: 12752398189875798110

34 testman the Magician (level 3, 0/25 HPs)
             Began as a Djinni Hedge Wizard on Jan 20, 2022.
             Slain by an adder (1 damage)
             ... on level 2 of the Dungeon.
             The game lasted 00:04:40 (1831 turns).

testman the Magician (Djinni Hedge Wizard)          Turns: 1831, Time: 00:04:40

Health: 0/25       AC:  2    Str:  9    XL:     3   Next: 50%
Gold:   88         EV: 12    Int: 17    God:
                   SH:  0    Dex: 12

rFire   + + .      SeeInvis .   h - +0 dagger (elec)
rCold   x . .      Faith    .   (no shield)
rNeg    . . .      Spirit   .   b - +0 robe
rPois   ∞          Reflect  .   c - +0 hat
rElec   .          Harm     .   (no cloak)
rCorr   .          Rampage  .   (no gloves)
Will    .....                   (boots unavailable)
Stlth   ++........              (no amulet)
HPRegen 0.08/turn               (no ring)
MPRegen 0.00/turn               (no ring)

@: flying
A: sickness immunity, fire resistance 2, cold vulnerability 1, float, innate
caster, hp casting, extra vitality 1
a: no special abilities


You were on level 2 of the Dungeon.
You visited 1 branch of the dungeon, and saw 2 of its levels.

You collected 88 gold pieces.

Inventory:

Hand Weapons
 h - a +0 dagger of electrocution (weapon)
Missiles
 e - 69 stones
Armour
 b - a +0 robe (worn)
 c - a +0 hat (worn)
Scrolls
 d - a scroll of vulnerability {unknown}
 f - a scroll of immolation {unknown}
 g - a scroll of blinking {unknown}


   Skills:
 - Level 2.1 Dodging
 - Level 1.5 Stealth
 + Level 3.4 Spellcasting


You couldn't memorise any spells.
You knew the following spells:

 Your Spells              Type           Power      Damage    Failure   Level
a - Magic Dart            Conj           56%        1d5       4%          1
b - Blink                 Tloc           28%        N/A       6%          2
c - Call Imp              Summ           14%        N/A       6%          2
d - Slow                  Hex            56%        N/A       4%          1
e - Conjure Flame         Conj/Fire      14%        6-21      12%         3
f - Mephitic Cloud        Conj/Pois/Air  14%        N/A       12%         3
g - Shock                 Conj/Air       56%        1d6       4%          1
Your spell library was empty.

Dungeon Overview and Level Annotations

Branches:
Dungeon (2/15)

Altars:


Innate Abilities, Weirdness & Mutations

You are immune to sickness and miasma.
You are immune to poison.
Your flesh is very heat resistant. (rF++)
You are vulnerable to cold. (rC-)
You float through the air rather than walking.
You learn spells naturally, not from books.
Your magical power is your life essence.
You have superior vitality. (+4 MHP)


Message History

The hobgoblin misses you.
You hit the hobgoblin.
You kill the hobgoblin!
You completely miss the adder. The adder bites you.
You closely miss the adder. The adder bites you.
You hit the adder but do no damage. The adder barely misses you.
You miss the adder. The adder misses you. The adder barely misses you.
You hit the adder but do no damage. The adder barely misses you.
You hit the adder.
The adder is lightly wounded.
The adder bites you. The adder misses you. The adder bites you.
Aiming: Shock (safe; 4% risk of failure)
Press: ? - help, Q - select action, (/) - cycle Shift-Dir - straight line The zap misses the adder. x2
* * * LOW HITPOINT WARNING * * *
The adder bites you.
* * * LOW HITPOINT WARNING * * *
The adder bites you.
* * * LOW HITPOINT WARNING * * *
Aiming: Shock (safe; 4% risk of failure)
Press: ? - help, Q - select action, (/) - cycle Shift-Dir - straight line The zap hits the adder.
The adder is lightly wounded.
The zap hits the adder.
The adder is moderately wounded.
* * * LOW HITPOINT WARNING * * *
The adder closely misses you.
You don't have enough health to cast this spell.
Unknown command.
You aren't carrying any potions.
Okay, then.
You miss the adder.
The adder is moderately wounded.
The adder closely misses you.
You closely miss the adder.
The adder is moderately wounded.
The adder misses you. The adder bites you.
You die...

#........#.
#.........# #
#.........#
..
#.........#.#
#........#.#
#.#.......#
#.#....†..# #
#.#.#.....# #
#.@S..#...#
#####
###.#.#####
#.... #.#.##
#.##. #....##
#.##.
##†#.#.##
#.#..
#..#.##.##
#.#.#
#........#
#...#
#.##.##..##
#...#
##.#......#
#..^.


You could see an adder.

Vanquished Creatures
  An adder (D:2)
  A dart slug (D:1)
  2 giant cockroaches
  A goblin (D:1)
  4 hobgoblins
  A quokka (D:1)
  3 ball pythons
  2 bats (D:1)
  3 frilled lizards (D:1)
  5 kobolds
  A rat (D:1)
24 creatures vanquished.

Notes
Turn   | Place    | Note
-------+----------+-------------------------------------------
     0 | D:1      | testman the Djinni Hedge Wizard began the quest for the
                  | Orb.
     0 | D:1      | Reached XP level 1. HP: 15/15 MP: 0/0
    20 | D:1      | You are sucked into a shaft and drop 1 floor!
    23 | D:2      | Found a faded altar of an unknown god.
   298 | D:1      | Reached XP level 2. HP: 15/21 MP: 0/0
   558 | D:1      | Reached skill level 3 in Spellcasting
  1086 | D:2      | Reached XP level 3. HP: 8/25 MP: 0/0
  1086 | D:2      | Learned a level 1 spell: Shock
  1831 | D:2      | Slain by an adder

Illustrated notes

Levels and vault maps discovered:
D:1:      eino_arrival_druids_welcome, layout_basic
D:2:      layout_loops_ring, basic_altar, nicolae_ecumenical_pavilion,
          minmay_tetromino_t2

Skill      XL: |  1  2 |
---------------+-------+-----
Spellcasting   | 3 |  3.4
Dodging        | |  2.1
Stealth        | |  1.5

Action                   || total
-------------------------++-------
Melee: Dagger            ||    54
 Cast: Magic Dart        ||    29
       Shock             ||     3
 Stab: Sleeping          ||     1
Armor: Robe              ||     8
Dodge: Dodged            ||    41

Table legend: (Time is in decaauts)
 A = Elapsed time spent in this place.
 B = Non-inter-level travel time spent in this place.
 C = Inter-level travel time spent in this place.
 D = Time resting spent in this place.
 E = Time spent auto-exploring this place.
 F = Levels seen in this place.
 G = Mean time per level.
                   A        B        C        D        E       F      G
               +--------+--------+--------+--------+--------+-----+--------+
         Total |   1833 |   1788 |     45 |    782 |    835 |   2 |  916.5 |
       Dungeon |   1833 |   1788 |     45 |    782 |    835 |   2 |  916.5 |
               +--------+--------+--------+--------+--------+-----+--------+

Top non-repeatable levels by time:
     D:1: 1342 daAuts
     D:2: 491 daAuts
